Unix NetHack Version 3.7.0-66 Work-in-progress - last build Oct 24 2022 02:09:04 (0cf9ee0665dfd4e3628fd2b6ead320895a4d4695,branch:master). Game began 2022-10-30 17:27:17, ended 2022-10-30 17:30:01. torpedovariant, neutral female human Monk ... ... ..<. ..... ....| ...G.. .@.- ...... ..G ..... -. Torpedovariant the Candidate St:18/05 Dx:13 Co:8 In:10 Wi:10 Ch:11 Neutral Dlvl:4 $:16 HP:0(14) Pw:5(5) AC:2 Exp:1 T:668 Latest messages: You are empty handed. v - a tin. w - a scroll of identify. x - a gray spellbook. y - 2 red gems. What do you want to write with? [- pry or ?*] You write in the dust with 2 red gems. Never mind. What do you want to call? [c-fmr-tw-yEG or ?*] This door is locked. This door is locked. This door is locked. This door is locked. This door is locked. In what direction? As you kick the door, it crashes open! You find a hidden door. The door opens. You see here a statue of a newt. What do you want to use or apply? [cox or ?*] You now wield a pick-axe named !c. In what direction do you want to dig? [hnjb>] You start chipping the statue. You hit the statue with all your might. The statue shatters. What do you want to wield? [- op or ?*] You are empty handed. You find a hidden door. In what direction? Whammm!! In what direction? As you kick the door, it shatters to pieces! Where do you want to travel to? (For instructions type a '?') Where do you want to travel to? (For instructions type a '?') What do you want to read? [cdmstwx or ?*] Never mind. You descend the stairs. z - a brass ring. You see here a blindfold. A - a blindfold. What do you want to adjust? [c-jlmo-zACEG or ?*] Adjust letter to what [abknABDFH-Z] (? see used letters)? Swapping: t - a blindfold. You descend the stairs. The gnome lord zaps a brass wand! The wand hits you! You die... Do you want your possessions identified? [ynq] (y) Inventory: Coins $ - 16 gold pieces Weapons p - a cursed +0 bow Armor C - an uncursed +1 robe (being worn) E - an uncursed +2 pair of leather gloves (being worn) G - an uncursed +0 shield of reflection (being worn) Comestibles g - 3 uncursed food rations h - 8 uncursed apples i - 5 uncursed oranges j - 3 uncursed fortune cookies l - an uncursed banana q - a cursed rotten tin of jackal meat u - an uncursed lichen corpse v - a blessed tin of candied fox meat Scrolls d - an uncursed scroll of identify m - an uncursed scroll of destroy armor s - a blessed scroll of remove curse w - an uncursed scroll of identify A - a blessed scroll of genocide Spellbooks c - a blessed spellbook of confuse monster x - a blessed spellbook of jumping Potions e - a blessed potion of healing f - 2 uncursed potions of healing Rings z - an uncursed ring of regeneration Tools o - an uncursed +0 pick-axe named !c t - an uncursed blindfold Gems/Stones r - an uncursed worthless piece of yellowish brown glass y - 2 uncursed worthless pieces of red glass Torpedovariant the Monk's attributes: Background: You were a Candidate, a level 1 female human Monk. You were neutral, on a mission for Chih Sung-tzu who was opposed by Shan Lai Ching (lawful) and Huan Ti (chaotic). You were in the Gnomish Mines, on level 4. You entered the dungeon 668 turns ago. You had 10 experience points, 10 more were needed to attain level 2. Basics: You had 0 out of 14 hit points. You had all 5 energy points (spell power). Your armor class was 2. Your wallet contained 16 zorkmids. Autopickup was on for '$!?/"=' plus thrown, with exceptions. Final Characteristics: Your strength was 18/05 (limit:18/100). Your dexterity was 13 (limit:18). Your constitution was 8 (limit:18). Your intelligence was 10 (limit:18). Your wisdom was 10 (limit:18). Your charisma was 11 (limit:18). Final Status: You were not hungry. You were unencumbered. You were empty handed. You had basic skill with martial arts. Final Attributes: You were fervently aligned. You were sleep resistant. You saw invisible. You were guarded. You were fast. You had reflection. You are dead. Miscellaneous: You never encountered a bones level. Total elapsed playing time was 2 minutes and 43 seconds. Major events: Turn 1: torpedovariant the neutral female human Monk entered the dungeon 666: entered the Gnomish Mines 668: killed by a wand Vanquished creatures: a kobold 2 lichens 2 newts 5 creatures vanquished. No species were genocided or became extinct. Voluntary challenges: You went without food. You were an atheist. You never hit with a wielded weapon. You were illiterate. You never engraved Elbereth. You never genocided any monsters. You never polymorphed an object. You never changed form. You used no wishes. Achievement: You entered the Gnomish Mines. The Dungeons of Doom: levels 1 to 3 Level 1: Some fountains. Level 2: Level 3: Stairs down to The Gnomish Mines. The Gnomish Mines: Level 4: <- You were here. Final resting place for you, killed by a wand. Game over: ---------- / \ / REST \ / IN \ / PEACE \ / \ | torpedovariant | | 16 Au | | killed by a wand | | | | | | | | 2022 | *| * * * | * _________)/\\_//(\/(/\)/\//\/|_)_______ Goodbye torpedovariant the Monk... You died in The Gnomish Mines on dungeon level 4 with 205 points, and 16 pieces of gold, after 668 moves. You were level 1 with a maximum of 14 hit points when you died.